 Dungeon Crawl Stone Soup version 0.21-a0-47-g7c8f537 (webtiles) character file.

37 Duffy the Firebug (level 3, -3/19 HPs)
             Began as a Deep Elf Fire Elementalist on June 9, 2017.
             Slain by an ice beast (21 damage)
             ... on level 1 of the Dungeon.
             The game lasted 00:02:28 (2241 turns).

Duffy the Firebug (Deep Elf Fire Elementalist)      Turns: 2241, Time: 00:02:29

Health: -3/19      AC:  3    Str:  5    XL:     3   Next: 21%
Magic:  7/10       EV: 13    Int: 20    God:
Gold:   149        SH:  0    Dex: 15    Spells: 5/9 levels left

rFire    + . .     SeeInvis .   h - +2 dagger (elec)
rCold    x . .     Gourm    .   (no shield)
rNeg     . . .     Faith    .   a - +0 robe
rPois    .         Spirit   .   d - +0 helmet
rElec    .         Reflect  .   (no cloak)
rCorr    .         Harm     .   (no gloves)
MR       .....                  (no boots)
Stlth    +.........             (no amulet)
Regen    0.1/turn               i - ring of loudness (curse)
MPRegen  0.2/turn               v - ring of fire

@: very slightly contaminated
A: no striking features
a: no special abilities


You were on level 1 of the Dungeon.
You were not hungry.

You visited 1 branch of the dungeon, and saw 3 of its levels.

You collected 149 gold pieces.

Inventory:

Hand Weapons
 h - a +2 dagger of electrocution (weapon)
Armour
 a - a +0 robe (worn)
 d - a +0 helmet (worn)
Jewellery
 i - a cursed ring of loudness (left hand)
 t - a +3 ring of dexterity
 v - a ring of fire (right hand)
Scrolls
 f - 2 scrolls of immolation {unknown}
 g - a scroll of teleportation {unknown}
 m - a scroll of fear {unknown}
 n - 2 scrolls of fog {unknown}
 s - a scroll of remove curse {unknown}
 u - a scroll of identify {unknown}
Potions
 e - a potion of ambrosia {unknown}
 k - a potion of haste {unknown}
 l - a potion of degeneration {unknown}
 o - a potion of curing {unknown}
 p - a potion of brilliance {unknown}
 r - a potion of resistance {unknown}
Books
 b - a book of Flames

   Spells                             Type                      Level
   a - Flame Tongue                   Conjuration/Fire             1
   b - Throw Flame                    Conjuration/Fire             2
   c - Conjure Flame                  Conjuration/Fire             3
   d - Inner Flame                    Hexes/Fire                   3
   e - Sticky Flame                   Conjuration/Fire             4
   f - Fireball                       Conjuration/Fire             5
Comestibles
 c - 3 bread rations
 j - 2 meat rations
 q - 4 chunks of flesh


   Skills:
 - Level 2.4 Dodging
 - Level 2.4 Stealth
 + Level 3.5 Spellcasting
 * Level 2.4 Conjurations
 + Level 3.8 Fire Magic


You had 5 spell levels left.
You knew the following spells:

 Your Spells              Type           Power        Failure   Level  Hunger
a - Flame Tongue          Conj/Fire      ###..        3%          1    None
l - Conjure Flame         Conj/Fire      ###.....     11%         3    ###....


Dungeon Overview and Level Annotations

Branches:
Dungeon (3/15)

Altars:


Message History

You see here a chain mail.
There is a stone staircase leading up here.
You climb upwards.
The ice beast is too close now for your liking.
There is a stone staircase leading down here.
Press: ? - help, v - describe, . - travel
Here: an ice beast The floor.
Unknown command.
The ice beast closely misses you.
Casting: Flame Tongue
Confirm with . or Enter, or press ? or * to list all spells.
Aiming: Conjure Flame
Press: ? - help, Dir - move target cursor You feel a surge of power!
You miscast Conjure Flame.
You are very lightly contaminated with residual magic.
You feel uncomfortably hot. The ice beast hits you. The ice beast freezes you!!
You feel a terrible chill!
Ouch! That really hurt!
You die...

).## #.##.####.#####
..# #.##.####.# #.#
#.##......#
#.####.#########
.)...#.#####
..##.......#
#.##.#.###.#######
.................#
..##.#.##..#####@#
..##.#.##..# #Y#
...........# #.#
...........# #.#
.......##..#####.###
.###...............#
.# #.#.##..#####.###
.###.#.##..# #.#
.......##..# #.#


You could see an ice beast.

Vanquished Creatures
  An adder (D:3)
  A leopard gecko (D:1)
  2 giant cockroaches (D:1)
  8 goblins
  4 hobgoblins
  A quokka (D:2)
  4 kobolds
  A rat (D:1)
22 creatures vanquished.

Notes
Turn   | Place    | Note
-------+----------+-------------------------------------------
     0 | D:1      | Duffy the Deep Elf Fire Elementalist began the quest for the Orb.
     0 | D:1      | Reached XP level 1. HP: 10/10 MP: 6/6
   348 | D:1      | Reached XP level 2. HP: 14/15 MP: 5/8
  1577 | D:1      | Noticed an ice beast
  2087 | D:3      | Reached XP level 3. HP: 13/19 MP: 6/10
  2179 | D:3      | Learned a level 3 spell: Conjure Flame
  2241 | D:1      | Slain by an ice beast

Vault maps used:
D:1:      onia_arrival_pyramid
D:2:      first_bread, serial_glass, glass_columns_c, glass_columns_a,
          glass_columns_b, glass_columns_a, minmay_liquid_box
D:3:      elyvilon_altar_5, led_sif_pool, kennysheep_generic_room_14,
          uniq_crazy_yiuf_cottage

Skill      XL: |  1  2 |
---------------+-------+-----
Conjurations   | 2 |  2.4
Dodging        | |  2.4
Stealth        | |  2.4
Spellcasting   | |  3.5
Fire Magic     | |  3.8

Action                   || total
-------------------------++-------
Melee: Dagger            ||    35
 Cast: Flame Tongue      ||    16
 Stab: Sleeping          ||     1
  Eat: Bread ration      ||     1
Armor: Robe              ||     3
Dodge: Dodged            ||    15
